 Dungeon Crawl Stone Soup version 0.22-a0-877-g5c4e1af (webtiles) character file.

43 prawnwizard the Slasher (level 3, 28/28 HPs)
             Began as a Demonspawn Gladiator on July 29, 2018.
             Got out of the dungeon alive.
             The game lasted 00:02:36 (1226 turns).

prawnwizard the Slasher (Demonspawn Gladiator)      Turns: 1226, Time: 00:02:37

Health: 28/28      AC:  7    Str: 15    XL:     3   Next: 37%
Magic:  3/3        EV: 12    Int:  9    God:
Gold:   82         SH:  0    Dex: 14    Spells: 2/2 levels left

rFire    . . .     SeeInvis .   a - +0 long sword
rCold    . . .     Gourm    .   (no shield)
rNeg     . . .     Faith    .   k - +0 ring mail
rPois    .         Spirit   .   (helmet restricted)
rElec    .         Reflect  .   (no cloak)
rCorr    .         Harm     .   (no gloves)
MR       .....                  (no boots)
Stlth    +.........             (no amulet)
HPRegen  0.09/turn              (no ring)
MPRegen  0.08/turn              (no ring)

@: no status effects
A: antennae 1, iridescent scales 1
a: no special abilities


You escaped.
You were very hungry.

You visited 1 branch of the dungeon, and saw 1 of its levels.

You collected 82 gold pieces.

Inventory:

Hand Weapons
 a - a +0 long sword (weapon)
Missiles
 d - 3 throwing nets (quivered)
Armour
 b - a +0 leather armour
 c - a +0 helmet
 k - a +0 ring mail (worn)
Scrolls
 e - a scroll of amnesia {unknown}
 g - a scroll of immolation {unknown}
 h - 2 scrolls of remove curse {unknown}
 i - a scroll of blinking {unknown}
 j - 3 scrolls of identify {unknown}
Potions
 m - a potion of heal wounds {unknown}
 n - a potion of mutation {unknown}
 o - a potion of flight {unknown}
 p - a potion of lignification {unknown}
Comestibles
 f - a ration


   Skills:
 + Level 2.5 Fighting
 * Level 3.4 Long Blades
 - Level 1.7 Throwing
 + Level 3.1 Dodging


You had 2 spell levels left.
You didn't know any spells.
Your spell library was empty.

Dungeon Overview and Level Annotations

Branches:
Dungeon (1/15)

Altars:


Innate Abilities, Weirdness & Mutations

You have a pair of small antennae on your head.
You are partially covered in iridescent scales. (AC +2)


Message History

There is a large open door here.
The rat twitches its whiskers.
You are feeling hungry.
You sense a monster nearby.
You see here a stone.
You see here a stone.
You see here a club.
There is a stone staircase leading down here.
There is a stone staircase leading down here.
You see here a stone.
You sense a monster nearby.
You sense a monster nearby.
You sense a monster nearby.
You are feeling very hungry.
You see here a club.
You see here a stone.
There is a staircase leading out of the dungeon here.
You can't go down here!
Are you sure you want to leave the Dungeon?
This will make you lose the game!
You have escaped!

....#).#.#.# #......##
......##.# .. #.#.####
..##..#(## ... #.#.#
#..#...#.######. #...#
.#...#..#(..#.#####...#
.#....##.###.###.##...#
#...##!..#.#.##..##...####
.#....##.#..##..###......#
...##. .##.#..#.@##......#
#### # ##########......#
###################......#
.....................)...#
##..............#........#
##..(.....#....##........#
.........................#
#####.###................#
........#................#


There were no monsters in sight!

Vanquished Creatures
  An ooze (D:1)
  4 leopard geckos (D:1)
  3 bats (D:1)
  5 goblins (D:1)
  3 hobgoblins (D:1)
  4 jackals (D:1)
  A frilled lizard (D:1)
  5 kobolds (D:1)
  4 rats (D:1)
30 creatures vanquished.

Notes
Turn   | Place    | Note
-------+----------+-------------------------------------------
     0 | D:1      | prawnwizard the Demonspawn Gladiator began the quest for the Orb.
     0 | D:1      | Reached XP level 1. HP: 16/16 MP: 1/1
   385 | D:1      | Gained mutation: You are partially covered in iridescent scales. (AC +2) [demonic ancestry]
   385 | D:1      | Reached XP level 2. HP: 22/22 MP: 2/2
   586 | D:1      | Gained mutation: You have a pair of small antennae on your head. [demonic ancestry]
   586 | D:1      | Reached XP level 3. HP: 24/28 MP: 3/3
  1226 | D:$      | Got out of the dungeon alive.

Vault maps used:
D:1:      erik_arrival_cave_to_civilisation, minivault_14, st_stairs_14

Skill      XL: |  1  2 |
---------------+-------+-----
Long Blades    | 3 |  3.4
Dodging        | 3 |  3.1
Fighting       | |  2.5
Throwing       | |  1.7

Action                   || total
-------------------------++-------
Melee: Long sword        ||    79
Armor: Leather armour    ||    18
       Ring mail         ||    15
Dodge: Dodged            ||    62
       Rpst.: Long sword ||    22

Table legend:
 A = Spawn XP
 B = Non-spawn XP
 C = Spawn XP percentage of total XP
 D = Spawn monster count
 E = Non-spawn monster count
 F = Spawn count percentage of total count
 G = Total turns spent on level
                    A         B        C        D         E        F      G
               +---------+---------+-------+---------+---------+-------+---------
         Total |       0 |      62 |   0.0 |       0 |      30 |   0.0 |  1226
               +---------+---------+-------+---------+---------+-------+---------
           D:1 |       0 |      62 |   0.0 |       0 |      30 |   0.0 |  1226
               +---------+---------+-------+---------+---------+-------+---------
